 Dungeon Crawl Stone Soup version 0.28.0-53-g5a82cb258f (console) character file.

Game seed: 3411611261922319943

3140 Banquo the Thaumaturge (level 9, -5/39 HPs)
             Began as a Spriggan Conjurer on July 30, 2022.
             Was a High Priest of Okawaru.
             Slain by Harold
             ... wielding a +4 long sword of electrocution
              (23 damage)
             ... on level 7 of the Dungeon.
             The game lasted 00:36:53 (10412 turns).

Banquo the Thaumaturge (Spriggan Conjurer)         Turns: 10412, Time: 00:36:54

Health: -5/39      AC:  4    Str:  3    XL:     9   Next: 61%
Magic:  17/23      EV: 18    Int: 24    God:    Okawaru [*****.]
Gold:   369        SH:  0    Dex: 13    Spells: 12/26 levels left

rFire   . . .      SeeInvis +   a - +2 dagger (speed)
rCold   + . .      Faith    .   (no shield)
rNeg    . . .      Spirit   .   s - +2 robe {rC+}
rPois   +          Reflect  .   (helmet restricted)
rElec   .          Harm     .   (no cloak)
rCorr   .          Rampage  .   (gloves unavailable)
Will    +....                   (boots unavailable)
Stlth   +++.......              E - amulet of the acrobat
HPRegen 0.13/turn               P - ring of poison resistance
MPRegen 0.18/turn               (no ring)

@: very quick
A: very small, no large weapons, unfitting armour, see invisible, speed 3
a: Renounce Religion, Heroism, Finesse, Duel


You were on level 7 of the Dungeon.
You worshipped Okawaru.
Okawaru was extremely pleased with you.
You visited 1 branch of the dungeon, and saw 8 of its levels.

You collected 369 gold pieces.

Inventory:

Hand Weapons
 a - a +2 dagger of speed (weapon)
 b - a +2 dagger of venom
 c - a +1 dagger of electrocution
 d - a +0 dagger of freezing
 z - a +4 dagger
 F - a +2 dagger
 H - a +0 mace of holy wrath
Missiles
 f - 6 silver boomerangs
 C - 4 poisoned darts
Armour
 s - a +2 robe of cold resistance (worn)
 t - a +0 robe
Magical Staves
 h - a staff of cold
 I - a staff of poison
Jewellery
 v - an amulet of reflection
 B - a ring of ice
 E - an amulet of the acrobat (around neck)
 P - a ring of poison resistance (left hand)
Wands
 k - a wand of paralysis (13)
 y - a wand of iceblast (4)
 A - a wand of flame (4)
 D - a wand of digging (6)
Scrolls
 e - a scroll of enchant weapon
 i - a scroll of enchant armour
 l - a scroll of noise
 q - a scroll of blinking
 r - a scroll of identify
 u - a scroll of holy word
Potions
 g - 2 potions of flight
 j - 3 potions of curing
 m - a potion of haste
 n - 6 potions of heal wounds
 o - 2 potions of brilliance
 p - 2 potions of mutation
 w - a potion of invisibility
 x - a potion of cancellation
 G - a potion of might
 J - a potion of attraction {unknown}


   Skills:
 + Level 0.2 Fighting
 * Level 2.7 Short Blades
 + Level 4.1 Dodging
 * Level 5.0 Stealth
 + Level 9.1 Spellcasting
 * Level 7.3 Conjurations
 * Level 2.4 Hexes
 - Level 4.0 Translocations
 * Level 0.6 Air Magic
 * Level 0.8 Poison Magic
 * Level 4.0 Invocations


You had 12 spell levels left.
You knew the following spells:

 Your Spells              Type           Power      Damage    Failure   Level
a - Magic Dart            Conj           100%       1d8       1%          1
c - Mephitic Cloud        Conj/Pois/Air  25%        N/A       5%          3
m - Iskenderun's Mystic   Conj/Tloc      38%        2d9       5%          4
p - Fulminant Prism       Conj/Hex       17%        3d11      8%          4
r - Searing Ray           Conj           92%        2d7       1%          2

Your spell library contained the following spells:

 Spells                   Type           Power      Damage    Failure   Level
 Static Discharge         Conj/Air       30%        N/A       1%          2
 Dazzling Flash           Conj/Hex       68%        N/A       2%          3
 Conjure Flame            Conj/Fire      28%        6-21      3%          3
 Ensorcelled Hibernation  Hex/Ice        32%        N/A       5%          2
 Sticky Flame             Conj/Fire      28%        2d5       13%         4
 Spider Form              Tmut/Pois      12%        N/A       14%         3
 Ignite Poison            Fire/Tmut/Pois 12%        N/A       16%         3
 Lightning Bolt           Conj/Air       15%        1d29      30%         5
 Anguish                  Hex/Necr       8%         N/A       34%         4
 Leda's Liquefaction      Hex/Erth       8%         N/A       34%         4
 Lee's Rapid Deconstruct  Erth           5%         3d7*      85%         5
 Starburst                Conj/Fire      14%        6d6       89%         6
 Statue Form              Tmut/Erth      6%         N/A       100%        6
 Maxwell's Capacitive Co  Air            7%         ∞         100%        8
 Call Imp                 Summ           Unusable   N/A       N/A         2

Dungeon Overview and Level Annotations

Branches:
Dungeon (8/15)             Temple (0/1) D:5            Lair (0/6) D:8

Altars:
Dithmenos
Okawaru
Ru
Uskayaw
Xom

Annotations:
D:5 Dowan
D:7 Harold
D:8 Maurice


Innate Abilities, Weirdness & Mutations

You are very small and have problems with some larger weapons.
You are too small for most types of armour.
You have supernaturally acute eyesight. (SInv)
You cover ground extremely quickly. (Speed+++)


Message History

The centaur hits you. The centaur kicks you. The basilisk bites you!
You hit the centaur.
You kill the centaur!
Okawaru accepts your kill.
Your Invocations skill increases to level 4!
You hit the basilisk.
The basilisk looks as sick as possible!
The basilisk is lightly wounded.
Casting: Mephitic Cloud (dangerous; 5% risk of failure)
Confirm with . or Enter, or press ? or * to list all spells.
Aiming: Searing Ray (safe; 1% risk of failure)
Press: ? - help, Shift-Dir - straight line, f - basilisk
Aim: a basilisk (moderately wounded, confused, extremely poisoned, 91% to hit)
The searing ray hits the basilisk!
The basilisk is heavily wounded. (Press . to maintain the ray.)
The basilisk barely misses you.
The searing ray hits the basilisk.
The basilisk is severely wounded.
The basilisk completely misses you.
The searing ray hits the basilisk!
You kill the basilisk!
Okawaru accepts your kill.
Your Stealth skill increases to level 5!
Unknown command.
Your +2 dagger of venom stops dripping with poison.
Your hands tingle!
a - a +2 dagger of speed (weapon)
You start resting.
A wyvern is nearby!
Things that are here:
a +0 shortbow; 12 arrows; a centaur corpse An orc priest comes into view.
It is wielding a +0 whip.
There is a stone staircase leading up here.
There are no items here.
You climb upwards.
Level annotation: Harold Harold shouts!
Harold hits you with a +4 long sword of electrocution!!
Ouch! That really hurt!
You die...

.####.....# ****** .#
#####.# *,,,,*
.####<###.# *,**,***
###.....#.######,*,,,,*
.##.#.#..........*,,*)*
.#....#.#########****,*
.#####.........,,,,,,,*
........##########*****
................@#
######.#########@#
######.# #.# .....#.#
#####.# ####.#.###
#.....# # #.#...#
#.##### ####.###.# #.#
..##.....###.#
#.######.....#


You could see Harold.

Vanquished Creatures
  Sigmund (D:4)
  A wraith (D:7)
  A basilisk (D:8)
  Menkaure (D:6)
  Edmund (D:6)
  A water moccasin (D:6)
  A hornet zombie (D:7)
  2 ice beasts (D:6)
  2 orc warriors
  An ogre (D:7)
  A wolf (D:8)
  4 centaurs
  Blork the orc (D:6)
  2 scorpions (D:6)
  3 killer bees
  4 wights (D:7)
  A lava snake (D:7)
  5 hounds
  3 centaur zombies
  2 bullfrog zombies
  A centaur skeleton (D:7)
  4 jellies
  2 bullfrog skeletons
  2 iguanas (D:5)
  5 orc wizards
  2 hound skeletons (D:4)
  8 adders
  2 howler monkey skeletons
  2 ufetubi (D:4)
  2 worms (D:4)
  2 dart slugs
  10 orcs
  11 ball pythons
  6 bats
  4 endoplasms
  2 giant cockroaches
  7 goblins
  9 hobgoblins
  8 jackals
  10 kobolds
  A quokka (D:5)
  2 frilled lizards
  6 rats
146 creatures vanquished.

Vanquished Creatures (others)
  A bush (D:8)
  A fulminant prism (D:7)
  7 fungi (D:8)
  23 plants (D:8)
32 creatures vanquished.

Grand Total: 178 creatures vanquished

Notes
Turn   | Place    | Note
-------+----------+-------------------------------------------
     0 | D:1      | Banquo the Spriggan Conjurer began the quest for the Orb.
     0 | D:1      | Reached XP level 1. HP: 9/9 MP: 5/5
     9 | D:1      | You fall into a shaft and drop 1 floor!
    21 | D:2      | Found a faded altar of an unknown god.
    29 | D:2      | Prayed at the altar of an unknown god.
    29 | D:2      | Became a worshipper of Warmaster Okawaru
    29 | D:2      | Reached * piety under Okawaru
   358 | D:2      | Reached XP level 2. HP: 13/13 MP: 2/6
   518 | D:1      | Learned a level 2 spell: Searing Ray
  1094 | D:1      | Reached XP level 3. HP: 16/16 MP: 2/8
  1209 | D:1      | Reached skill level 3 in Spellcasting
  2294 | D:2      | Reached XP level 4. HP: 21/21 MP: 0/10
  2826 | D:3      | Found a hide-covered altar of Uskayaw.
  3279 | D:3      | Reached ** piety under Okawaru
  3605 | D:4      | Reached skill level 4 in Spellcasting
  3605 | D:4      | Reached XP level 5. HP: 24/24 MP: 8/12
  3836 | D:4      | Noticed Sigmund
  3912 | D:4      | Killed Sigmund
  3913 | D:4      | Reached skill level 5 in Spellcasting
  3913 | D:4      | Reached skill level 1 in Invocations
  3913 | D:4      | Reached XP level 6. HP: 28/28 MP: 4/14
  4642 | D:5      | Entered Level 5 of the Dungeon
  4750 | D:5      | Reached skill level 6 in Spellcasting
  4817 | D:5      | Reached XP level 7. HP: 32/32 MP: 4/17
  4952 | D:5      | Found a staircase to the Ecumenical Temple.
  4958 | D:5      | Reached skill level 5 in Conjurations
  5112 | D:5      | Found a shadowy altar of Dithmenos.
  5194 | D:5      | Learned a level 4 spell: Iskenderun's Mystic Blast
  5525 | D:5      | Reached *** piety under Okawaru
  5626 | D:5      | Noticed Dowan
  5657 | D:6      | Noticed Blork the orc
  5922 | D:6      | Noticed Edmund
  6187 | D:6      | Reached skill level 1 in Translocations
  6365 | D:6      | Reached XP level 8. HP: 35/36 MP: 12/19
  6373 | D:6      | Reached skill level 7 in Spellcasting
  6546 | D:6      | Killed Blork the orc
  6753 | D:6      | Reached **** piety under Okawaru
  6899 | D:6      | Killed Edmund
  7170 | D:6      | Reached skill level 8 in Spellcasting
  7366 | D:6      | Noticed Menkaure
  7374 | D:6      | Killed Menkaure
  7621 | D:6      | Learned a level 4 spell: Fulminant Prism
  7809 | D:7      | Received a gift from Okawaru
  8016 | D:7      | Reached XP level 9. HP: 39/39 MP: 15/22
  8158 | D:7      | Reached skill level 1 in Short Blades
  8414 | D:7      | Reached skill level 1 in Hexes
  8647 | D:7      | Noticed Harold
  9203 | D:7      | Reached ***** piety under Okawaru
  9749 | D:8      | Learned a level 3 spell: Mephitic Cloud
 10006 | D:8      | Found a shimmering altar of Xom.
 10116 | D:8      | Found a sacrificial altar of Ru.
 10128 | D:8      | Noticed Maurice
 10281 | D:8      | Found a staircase to the Lair.
 10344 | D:8      | Reached skill level 9 in Spellcasting
 10366 | D:8      | Reached skill level 5 in Stealth
 10412 | D:7      | Slain by Harold

Illustrated notes

Levels and vault maps discovered:
D:1:      psy_arrival_whirlpool, layout_basic, amcnicky_mini_pool_small
D:2:      layout_basic, ebering_ecumenical_altar_hall
D:3:      layout_basic, lemuel_crystal_altar, minmay_vboxes
D:4:      layout_cave_pools, uniq_sigmund
D:5:      layout_gridville, kennysheep_little_box,
          minmay_temple_entry_statues_fountains, uniq_duvessa
D:6:      layout_rooms, uniq_edmund, uniq_blork_the_orc, uniq_menkaure
D:7:      layout_basic, kennysheep_big_empty_room, uniq_harold
D:8:      layout_loops_ring, nicolae_yredelemnul_ghost_church,
          mainiacjoe_overflow_tiny_flanked, mainiacjoe_overflow_chevrons,
          minmay_lair_entry_grove, serial_shops, shop_statue, uniq_maurice

Skill      XL: |  1  2  3  4  5  6  7  8  9 |
---------------+----------------------------+-----
Conjurations   | 3 4 5 6 7 |  7.3
Spellcasting   | 3 4 5 6 8 9 |  9.1
Dodging        | 3 4 |  4.1
Stealth        | 4 5 |  5.0
Invocations    | 1 2 3 4 |  4.0
Translocations | 1 4 |  4.0
Short Blades   | 2 |  2.7
Hexes          | 2 |  2.4
Fighting       | |  0.2
Air Magic      | |  0.6
Poison Magic   | |  0.8

Action                   |  1- 3 |  4- 6 |  7- 9 || total
-------------------------+-------+-------+-------++-------
Melee: Unarmed           |     2 |       |       ||     2
       Dagger            |     6 |    11 |    29 ||    46
       Punch             |       |       |     2 ||     2
 Cast: Magic Dart        |    79 |    90 |   101 ||   270
       Searing Ray       |     4 |    15 |    57 ||    76
       Iskenderun's Myst |       |       |     8 ||     8
       Mephitic Cloud    |       |       |     5 ||     5
       Fulminant Prism   |       |       |     1 ||     1
  Use: Scroll            |       |     7 |    12 ||    19
 Stab: Sleeping          |     1 |     1 |     2 ||     4
Armor: Robe              |       |     7 |    15 ||    22
Dodge: Dodged            |     8 |    26 |    92 ||   126
Block: Other             |       |       |     9 ||     9
